 Dungeon Crawl Stone Soup version 0.19.1-1-g22dce08 (webtiles) character file.

7793 galech the Grappler (level 11, -5/98 HPs)
             Began as a Troll Monk on Dec 31, 2016.
             Was a High Priest of Okawaru.
             Killed by divine providence
             ... invoked by an orc priest
              (14 damage)
             ... on level 10 of the Dungeon.
             The game lasted 00:21:41 (9139 turns).

galech the Grappler (Troll Monk)                    Turns: 9139, Time: 00:21:42

Health: -5/98      AC: 13    Str: 24    XL:     11   Next: 1%
Magic:  10/10      EV: 13    Int: 10    God:    Okawaru [*****.]
Gold:   584        SH:  0    Dex: 12    Spells: 0 memorised, 10 levels left

rFire  . . .     SeeInvis .       - Unarmed
rCold  . . .     Gourm    +     G - +3 troll leather armour {Purgy}
rNeg   . . .     Faith    .     (no shield)
rPois  .         Spirit   .     (helmet restricted)
rElec  .         Reflect  .     v - +2 cloak
rCorr  +         Harm     .     (gloves unavailable)
MR     +....     Clarity  +     (boots unavailable)
Stlth  +++.......               o - amulet of rage
                                (no ring)
                                K - ring of resist corrosion

@: studying Long Blades
A: unfitting armour, claws 3, blink, clarity, clever 2, fast metabolism 3, frail
1, gourmand, magic resistance 1, regeneration 1, shaggy fur 1, tough skin 2
a: Blink, Heroism, Finesse, Renounce Religion, Evoke Berserk Rage


You were on level 10 of the Dungeon.
You worshipped Okawaru.
Okawaru was extremely pleased with you.
You were very full.

You visited 2 branches of the dungeon, and saw 11 of its levels.

You collected 584 gold pieces.

Inventory:

Hand Weapons
 D - the +3 great mace of Currency {antimagic, rF- Int+5 Dex+3}
   (You found it on level 6 of the Dungeon)

   It reduces the magical energy of the wielder, and disrupts the spells and
   magical abilities of those hit.
   Natural abilities and divine invocations are not affected.
   It affects your intelligence (+5).
   It affects your dexterity (+3).
   It makes you vulnerable to fire.
Armour
 v - a +2 cloak (worn)
 G - a +3 troll leather armour (worn) {Purgy}
Jewellery
 o - an amulet of rage (around neck)
 K - a ring of resist corrosion (left claw)
Wands
 c - a wand of confusion (20/48)
 f - a wand of random effects (18/48)
 z - a wand of slowing (27/48)
 A - a wand of confusion (18/48)
 F - a wand of teleportation (5/9)
 I - a wand of polymorph (14/24)
 J - a wand of flame (15/48)
 L - a wand of paralysis (4/24)
 N - a wand of iceblast (4/15)
 P - a wand of acid (3/15)
Scrolls
 a - a scroll of enchant weapon
 g - 7 scrolls of remove curse
 i - 2 scrolls of teleportation
 j - a scroll of recharging
 l - a scroll of immolation
 t - 2 scrolls of amnesia
 u - 3 scrolls of noise
 B - a scroll of blinking
 H - a scroll of magic mapping
 Q - a scroll of fear
Potions
 d - 3 potions of might
 e - 3 potions of magic {unknown}
 k - 3 potions of brilliance {unknown}
 m - 3 potions of lignification {unknown}
 q - 3 potions of flight {unknown}
 r - 5 potions of curing {unknown}
 w - 2 potions of cure mutation {unknown}
 x - a potion of mutation {unknown}
 C - a potion of agility {unknown}
 M - a potion of berserk rage {unknown}
Books
 y - a book of Necromancy

   Spells                             Type                      Level
   a - Pain                           Necromancy                   1
   b - Animate Skeleton               Necromancy                   1
   c - Vampiric Draining              Necromancy                   3
   d - Regeneration                   Charms/Necromancy            3
   e - Animate Dead                   Necromancy                   4
   f - Control Undead                 Necromancy                   4
 E - a book of Callings

   Spells                             Type                      Level
   a - Summon Small Mammal            Summoning                    1
   b - Call Imp                       Summoning                    2
   c - Call Canine Familiar           Summoning                    3
   d - Summon Guardian Golem          Hexes/Summoning              3
   e - Summon Lightning Spire         Summoning/Air                4
   f - Summon Ice Beast               Ice/Summoning                4
 O - a manual of Long Blades
Comestibles
 b - 8 bread rations
 h - 2 slices of pizza
 n - 3 beef jerkies
 p - 9 meat rations
 s - 6 fruits
 R - 4 chunks of flesh


   Skills:
 + Level 7.5 Fighting
 + Level 3.4 Armour
 + Level 7.4 Dodging
 + Level 5.2 Stealth
 + Level 8.8 Unarmed Combat


You had 10 spell levels left.
You didn't know any spells.

Dungeon Overview and Level Annotations

Branches:
Dungeon (10/15)            Temple (1/1) D:6
   Lair: D:8-11         Orc: D:9-12

Altars:
Cheibriados
Dithmenos
Elyvilon
Fedhas
Gozag
Hepliaklqana
Kikubaaqudgha
Makhleb
Nemelex Xobeh
Okawaru
Qazlal
Sif Muna
Trog
Uskayaw
Vehumet
Xom
Yredelemnul
Zin
The Shining One

Shops:
D:10 [


Innate Abilities, Weirdness & Mutations

You are too large for most types of armour.
You have claws for hands.
Your metabolism is lightning-fast.
You like to eat raw meat.
Your natural rate of healing is unusually fast.
You are covered in fur. (AC +1)
You have very tough skin. (AC +2)
You can translocate small distances at will.
You possess an exceptional clarity of mind.
Your mind is very acute. (Int +4)
You are frail. (-10% HP)
You are resistant to hostile enchantments. (MR+)


Message History

You are too injured to fight recklessly!
You are too injured to fight recklessly!
You are too injured to fight recklessly!
You are too injured to fight recklessly!
You are too injured to fight recklessly!
You are too injured to fight recklessly!
You are too injured to fight recklessly!
You are too injured to fight recklessly!
You are too injured to fight recklessly!
You are too injured to fight recklessly!
You are too injured to fight recklessly!
You are too injured to fight recklessly!
You are too injured to fight recklessly!
You scratch the orc priest but do no damage.
The orc warrior hits you from afar with a glaive!
* * * LOW HITPOINT WARNING * * *
The orc priest closely misses you.
The orc priest calls down the wrath of Beogh upon you.
Beogh smites you!
You die...

#....#.##.....# #
#...o#......# #
#.#..)o.#.#.# #
#.#.##o.....# #
#...#...#)#.####### #
#...#.#...........# #
#...#.##.#..#...#.####
#.#.#.##.#........>..#
#.#.#@##.######......#
#...####......#....#.#
#......#.##...#......#
#.#....#.##'###......'
#....#.#.#...........#
#....#.#.#......#..∩.#
#.#....###...........#
#...#### #############
#...'.#


You could see an orc warrior and an orc priest.

Vanquished Creatures
  The ghost of galech the Ruffian, a novice TrMo (D:5)
  Joseph (D:7)
  A troll (D:9)
  A hippogriff (D:8)
  A spriggan (D:9)
  A wyvern (D:9)
  10 yaks (D:9)
  A water moccasin (D:10)
  3 sky beasts
  Purgy (D:4)
  3 orc warriors
  5 phantoms
  3 ice beasts
  6 ogres
  4 centaurs
  5 bullfrogs
  A howler monkey (D:3)
  A crimson imp (D:6)
  2 bullfrog zombies
  2 jellies
  A quasit (D:8)
  6 orc priests
  3 hounds
  3 centaur zombies
  15 orc wizards
  A bullfrog skeleton (D:7)
  3 iguanas
  8 worker ants
  2 killer bee zombies
  A hound zombie (D:9)
  A howler monkey zombie (D:7)
  A worker ant zombie (D:10)
  14 gnolls
  8 adders
  2 shadow imps
  2 oozes
  An adder zombie (D:8)
  2 worms (D:3)
  A dart slug (D:2)
  9 leopard geckos
  36 orcs
  4 bats
  5 giant cockroaches
  10 goblins
  12 hobgoblins
  12 jackals
  6 quokkas
  3 ball pythons
  7 frilled lizards
  8 kobolds
  13 rats
253 creatures vanquished.

Notes
Turn   | Place    | Note
-------+----------+-------------------------------------------
     0 | D:1      | galech the Troll Monk began the quest for the Orb.
     0 | D:1      | Reached XP level 1. HP: 22/22 MP: 0/0
   101 | D:1      | Reached XP level 2. HP: 27/29 MP: 1/1
   315 | D:1      | Reached XP level 3. HP: 36/36 MP: 2/2
  1198 | D:2      | Reached XP level 4. HP: 45/45 MP: 3/3
  1689 | D:2      | Found a bloodstained altar of Trog.
  1689 | D:2      | Found a hide-covered altar of Uskayaw.
  1697 | D:2      | Found a shimmering altar of Xom.
  1700 | D:2      | Found a faded altar of an unknown god.
  1702 | D:2      | Found a faded altar of an unknown god.
  1822 | D:3      | Reached skill level 4 in Unarmed Combat
  1858 | D:3      | Reached XP level 5. HP: 35/53 MP: 4/4
  2583 | D:4      | You fall through a shaft for 3 floors!
  2610 | D:7      | Reached XP level 6. HP: 61/61 MP: 5/5
  2658 | D:7      | Noticed an orc warrior
  2679 | D:7      | Killed an orc warrior
  2839 | D:7      | Reached XP level 7. HP: 63/70 MP: 6/6
  2849 | D:7      | Reached skill level 5 in Unarmed Combat
  2924 | D:6      | Found a shadowy altar of Dithmenos.
  3273 | D:6      | Gained mutation: You can translocate small distances at will. [mutagenic meat]
  3274 | D:6      | Gained mutation: You possess an exceptional clarity of mind. [mutagenic meat]
  3275 | D:6      | Gained mutation: Your mind is acute. (Int +2) [mutagenic meat]
  3276 | D:6      | Gained mutation: Your mind is very acute. (Int +4) [mutagenic meat]
  3277 | D:6      | Gained mutation: You are frail. (-10% HP) [mutagenic meat]
  3288 | D:6      | Found a shadowy altar of Dithmenos.
  3455 | D:6      | Reached XP level 8. HP: 71/71 MP: 7/7
  3533 | D:6      | Got a blackened great mace
  3541 | D:6      | Identified the +3 great mace of Currency {antimagic, rF- Int+5 Dex+3} (You found it on level 6 of the Dungeon)
  3544 | D:5      | Entered Level 5 of the Dungeon
  3559 | D:5      | Found a glowing golden altar of the Shining One.
  3613 | D:5      | Noticed galech's ghost (novice TrMo)
  4589 | D:6      | Reached skill level 5 in Fighting
  4656 | D:5      | Killed galech's ghost
  4656 | D:5      | Reached skill level 5 in Dodging
  4656 | D:5      | Reached skill level 6 in Unarmed Combat
  4979 | D:5      | HP: 2/72 [ogre/giant club (22)]
  5265 | D:4      | Noticed Purgy
  5328 | D:4      | Killed Purgy
  5328 | D:4      | Reached XP level 9. HP: 77/80 MP: 8/8
  6116 | D:6      | Found a staircase to the Ecumenical Temple.
  6129 | Temple   | Entered the Ecumenical Temple
  6213 | Temple   | Became a worshipper of Warmaster Okawaru
  6213 | Temple   | Reached * piety under Okawaru
  6213 | Temple   | Reached ** piety under Okawaru
  6494 | D:7      | Reached skill level 7 in Unarmed Combat
  6585 | D:7      | Noticed Joseph
  6599 | D:7      | Killed Joseph
  7171 | D:8      | Reached *** piety under Okawaru
  7899 | D:8      | Reached skill level 1 in Armour
  7899 | D:8      | Reached XP level 10. HP: 90/90 MP: 9/9
  8187 | D:9      | Reached skill level 8 in Unarmed Combat
  8227 | D:9      | Reached **** piety under Okawaru
  8299 | D:9      | Received a gift from Okawaru
  8416 | D:9      | Identified a scroll of acquirement
  8502 | D:9      | Gained mutation: You are resistant to hostile enchantments. (MR+) [mutagenic meat]
  8664 | D:9      | Reached skill level 5 in Stealth
  8798 | D:9      | Found an ancient bone altar of Kikubaaqudgha.
  8950 | D:10     | Entered Level 10 of the Dungeon
  8953 | D:10     | Found an opulent altar of Gozag.
  8998 | D:10     | Reached ***** piety under Okawaru
  9037 | D:10     | Reached XP level 11. HP: 96/98 MP: 10/10
  9043 | D:10     | Found Amiutyts's Armour Emporium.
  9134 | D:10     | HP: 3/98 [orc warrior/glaive (12)]
  9139 | D:10     | Killed from afar by an orc priest

Skill      XL: |  1  2  3  4  5  6  7  8  9 10 |
---------------+-------------------------------+-----
Fighting       | 3 4 5 6 7 |  7.5
Dodging        | 3 4 5 6 7 |  7.4
Unarmed Combat | 4 5 6 7 8 |  8.8
Stealth        | 2 3 4 5 |  5.2
Armour         | 1 3 |  3.4

Action                   |  1- 3 |  4- 6 |  7- 9 | 10-12 || total
-------------------------+-------+-------+-------+-------++-------
Melee: Unarmed           |   113 |   143 |   440 |   201 ||   897
       Punch             |       |     1 |     8 |    14 ||    23
  Use: Scroll            |       |       |     9 |     8 ||    17
 Stab: Sleeping          |     2 |     2 |     3 |     6 ||    13
       Distracted        |       |       |     1 |       ||     1
  Eat: Chunk             |    16 |    16 |    51 |    14 ||    97
Armor: Robe              |    40 |    64 |    71 |       ||   175
       Troll leather arm |       |       |    72 |    54 ||   126
Dodge: Dodged            |    56 |    55 |   274 |    91 ||   476
